 Dungeon Crawl Stone Soup version 0.31-a0-277-g31ea1f65cc (webtiles) character file.

Game seed: 1658290943030781035

76 Maxmaps the Trooper (level 4, -1/52 HPs)
             Began as an Ogre Shapeshifter on July 15, 2023.
             Slain by a gnoll bouda
             ... wielding a +0 whip
              (4 damage)
             ... on level 2 of the Dungeon.
             The game lasted 00:02:22 (1560 turns).

Maxmaps the Trooper (Ogre Shapeshifter)             Turns: 1560, Time: 00:02:22

Health: -1/52      AC:  3    Str: 19    XL:     4   Next: 32%
Magic:  4/4        EV:  9    Int: 11    God:
Gold:   66         SH:  0    Dex:  9    Spells: 3/3 levels left

rFire   . . .        f - +0 flail
rCold   . . .        (no shield)
rNeg    . . .        a - +0 animal skin
rPois   .            (helmet currently unavailable)
rElec   .            (cloak currently unavailable)
rCorr   .            (gloves unavailable)
SInv    .            (boots unavailable)
Will    .....        (no amulet)
Stlth   +            (no ring)
HPRegen 0.28/turn    (no ring)
MPRegen 0.09/turn

%: no passive effects
@: beast-form, weakened
A: beast (slay +2), large, unfitting armour, tough skin 1, robust 1, inability
to read after injury 1
a: Begin Untransformation


You were on level 2 of the Dungeon.
You were a hulking beast.
You visited 1 branch of the dungeon, and saw 2 of its levels.

You collected 66 gold pieces.

Inventory:

Hand Weapons
 f - a +0 flail (weapon)
 g - a +0 whip
Armour
 a - a +0 animal skin (worn)
Jewellery
 d - an amulet of magic regeneration
 h - a ring of protection from fire
Talismans
 c - a beast talisman
Scrolls
 e - a scroll of enchant armour {unknown}
 j - a scroll of vulnerability {unknown}
Potions
 b - a potion of lignification


   Skills:
 - Level 4.2 Fighting
 + Level 2.6 Maces & Flails
 - Level 1.7 Dodging
 - Level 1.7 Unarmed Combat
 - Level 3.0 Shapeshifting


You had 3 spell levels left.
You didn't know any spells.
Your spell library contained the following spells:

 Spells                   Type           Power      Damage    Failure   Level
 Dazzling Flash           Conj/Hex       0%         N/A       71%         3
 Agony                    Necr           0%         N/A       100%        5
 Silence                  Hex/Air        0%         N/A       100%        5


Dungeon Overview and Level Annotations

Branches:
Dungeon (2/15)

Altars:

Shops:
D:1 :   D:2 [


Innate Abilities, Weirdness & Mutations

You are a hulking beast.
Your limbs bulge with bestial killing power. (Slay +2)
You are too large for most types of armour.
You have tough skin. (AC +1)
You are robust. (+10% HP)
You occasionally lose the ability to read scrolls when taking damage.


Message History

The gnoll bouda hits you with a +0 whip.
The gnoll bouda hits you with a +0 whip!
You feel threatened and lose the ability to read scrolls!
* * * LOW HITPOINT WARNING * * *
You hit the gnoll bouda.
The gnoll bouda is moderately wounded.
The gnoll bouda gazes fiercely through you!
You feel your attacks grow feeble.
The gnoll bouda hits you with a +0 whip!
* * * LOW HITPOINT WARNING * * *
You hit the gnoll bouda.
The gnoll bouda is moderately wounded.
The gnoll bouda barely misses you.
You completely miss the gnoll bouda.
You punch the gnoll bouda, but do no damage.
The gnoll bouda is moderately wounded.
The gnoll bouda gazes fiercely through you!
You feel as though you will be weak longer.
The gnoll bouda closely misses you.
The gnoll bouda hits you with a +0 whip.
* * * LOW HITPOINT WARNING * * *
You barely miss the gnoll bouda.
The gnoll bouda is moderately wounded.
The gnoll bouda barely misses you.
You hit the gnoll bouda but do no damage.
The gnoll bouda is moderately wounded.
The gnoll bouda gazes fiercely through you!
You feel as though you will be weak longer.
The gnoll bouda hits you but does no damage.
You closely miss the gnoll bouda.
The gnoll bouda is moderately wounded.
The gnoll bouda misses you.
You hit the gnoll bouda.
The gnoll bouda is heavily wounded.
You can read scrolls again.
The gnoll bouda barely misses you. x2
You closely miss the gnoll bouda.
The gnoll bouda is heavily wounded.
The gnoll bouda hits you with a +0 whip.
You die...

####(.#######...# #### # #..#
###..### .... # #..#
#......#. (.###### # #..#
#.##.##.# #......# #
##..####...(...## #..8#8.# #
#.........# #...###..#(#.# #
#...###...###....##..8#8.# #
#..........##g...#.......# #
#...........h).#....†.#######
#..###.....<##.......g.>>.)..
#.. #.##.#######.......#####
#.. #.##.# ...........#####
#.. #.##.# ######..........
#.. #.##.# #.....##### .....#
####### #.#### #.#


You could see a gnoll bouda.

Vanquished Creatures
  5 gnolls
  3 ball pythons (D:1)
  3 endoplasms
  A giant cockroach (D:2)
  5 hobgoblins
  A jackal (D:1)
  2 quokkas (D:1)
  2 bats (D:2)
  A frilled lizard (D:2)
  2 goblins (D:1)
  2 kobolds (D:1)
  A rat (D:1)
28 creatures vanquished.

Notes
Turn   | Place    | Note
-------+----------+-------------------------------------------
     0 | D:1      | Maxmaps the Ogre Shapeshifter began the quest for the Orb.
     0 | D:1      | Reached XP level 1. HP: 22/22 MP: 1/1
   161 | D:1      | Reached skill level 3 in Fighting
   244 | D:1      | Reached XP level 2. HP: 27/32 MP: 2/2
   439 | D:1      | Reached skill level 4 in Fighting
   448 | D:1      | Found Ennurabe's Book Shop.
  1170 | D:2      | Reached XP level 3. HP: 36/39 MP: 3/3
  1197 | D:2      | Reached skill level 1 in Maces & Flails
  1233 | D:2      | Found Ihach's Armour Emporium.
  1266 | D:2      | Gained mutation: You occasionally lose the ability to read
                  | scrolls when taking damage. [potion of mutation]
  1266 | D:2      | Gained mutation: You are robust. (+10% HP) [potion of
                  | mutation]
  1545 | D:1      | Reached XP level 4. HP: 49/52 MP: 4/4
  1555 | D:2      | HP: 2/52 [gnoll bouda/+0 whip (6)]
  1560 | D:2      | Slain by a gnoll bouda

Illustrated notes

Levels and vault maps discovered:
D:1:      dpeg_arrival_brainrot, layout_loops_ring, serial_shops,
          nicolae_shop_tiny_real_fake_doors, chequers_big_river,
          nicolae_twisty_statue_hallways
D:2:      layout_loops_ring, serial_shops, shop, minmay_fountain_box,
          minmay_statues_item, uniq_sigmund, uniq_terence

Skill      XL: |  1  2  3 |
---------------+----------+-----
Fighting       | 3 4 |  4.2
Maces & Flails | 2 |  2.6
Dodging        | |  1.7
Unarmed Combat | |  1.7
Shapeshifting  | |  3.0

Action                     |  1- 3 |  4- 6 || total
---------------------------+-------+-------++-------
  Melee: Unarmed           |    28 |       ||    28
         Punch             |     3 |     1 ||     4
         Whip              |    66 |       ||    66
         Flail             |     3 |    13 ||    16
    Use: Potion            |     2 |       ||     2
 Armour: Animal skin       |    17 |     1 ||    18
  Dodge: Dodged            |    63 |    10 ||    73

Table legend: (Time is in decaauts)
 A = Elapsed time spent in this place.
 B = Non-inter-level travel time spent in this place.
 C = Inter-level travel time spent in this place.
 D = Time resting spent in this place.
 E = Time spent auto-exploring this place.
 F = Levels seen in this place.
 G = Mean time per level.
                   A        B        C        D        E       F      G
               +--------+--------+--------+--------+--------+-----+--------+
         Total |   1570 |   1548 |     22 |    276 |    953 |   2 |  785.0 |
       Dungeon |   1570 |   1548 |     22 |    276 |    953 |   2 |  785.0 |
               +--------+--------+--------+--------+--------+-----+--------+

Top non-repeatable levels by time:
     D:1: 1355 daAuts
     D:2: 214 daAuts
